 Dungeon Crawl Stone Soup version 0.28-a0-43-g560ac104fe (webtiles) character file.

Game seed: 12019674984638121926

9280 Sobieck the Thaumaturge (level 11, -8/55 HPs)
             Began as a Deep Elf Conjurer on July 28, 2021.
             Was a Follower of Hepliaklqana.
             Hit by a large rock thrown by a stone giant (51 damage)
             ... on level 10 of the Dungeon.
             The game lasted 00:41:23 (11305 turns).

Sobieck the Thaumaturge (Deep Elf Conjurer)        Turns: 11305, Time: 00:41:24

Health: -8/55      AC: 17    Str:  4    XL:     11   Next: 21%
Magic:  5/27       EV: 16    Int: 30    God:    Hepliaklqana [*.....]
Gold:   331        SH:  0    Dex: 13    Spells: 19/30 levels left

rFire   . . .      SeeInvis .   z - +2 falchion (drain) {long}
rCold   + . .      Faith    .   (no shield)
rNeg    . . .      Spirit   .   H - +2 robe {rC+}
rPois   .          Reflect  .   o - +2 helmet
rElec   .          Harm     .   (no cloak)
rCorr   .          Rampage  .   l - +2 pair of gloves
Will    ++...                   b - +2 pair of boots
Stlth   ++++......              j - amulet of regeneration {@e2}
HPRegen 1.18/turn               V - ring of willpower
MPRegen 0.20/turn               s - ring "Atoig" {AC+4 Int+3}

@: studying Dodging
A: reduced essence
a: Renounce Religion, Recall Ancestor, Ancestor Identity


You were on level 10 of the Dungeon.
You worshipped Hepliaklqana.
Hepliaklqana was aware of your devotion.
You visited 2 branches of the dungeon, and saw 12 of its levels.
You also visited: Ossuary.

You collected 413 gold pieces.
You spent 82 gold pieces at shops.


   Skills:
 + Level 4.6 Fighting
 - Level 10.0 Dodging
 + Level 7.9 Stealth
 - Level 10.0 Spellcasting
 - Level 10.0 Conjurations
 - Level 10.0 Hexes
 + Level 6.1 Invocations


You had 19 spell levels left.
You knew the following spells:

 Your Spells              Type           Power      Damage    Failure   Level
a - Magic Dart            Conj           100%       1d8       1%          1
b - Searing Ray           Conj           100%       3d7       1%          2
c - Fulminant Prism       Conj/Hex       33%        3d16      1%          4
d - Iskenderun's Mystic   Conj/Tloc      45%        2d10      4%          4

Your spell library contained the following spells:

 Spells                   Type           Power      Damage    Failure   Level
 Static Discharge         Conj/Air       45%        N/A       1%          2
 Dazzling Flash           Conj/Hex       100%       N/A       1%          3
 Iskenderun's Battlesphe  Conj           66%        2d12      1%          5
 Sticky Flame             Conj/Fire      45%        2d6       4%          4
 Gell's Gravitas          Tloc           7%         N/A       11%         3
 Teleport Other           Tloc           15%        N/A       11%         3
 Dispel Undead            Necr           15%        3d10      34%         4
 Iron Shot                Conj/Erth      22%        9d5       56%         6
 Spellforged Servitor     Conj/Summ      22%        N/A       98%         7
 Dispersal                Tloc           7%         N/A       99%         6

Inventory:

Hand Weapons
 a - a +4 falchion of freezing {long}
   (You took it off a wight on level 9 of the Dungeon)
 m - a +1 vampiric dagger {short}
   (You found it on level 2 of the Dungeon)
 w - a +0 rapier of electrocution {short}
   (You took it off a kobold brigand on level 4 of the Dungeon)
 z - a +2 falchion of draining (weapon) {long}
   (You took it off an orc on level 5 of the Dungeon)
 K - a +2 long sword {long}
   (You took it off a wight on level 8 of the Dungeon)
Missiles
 c - 72 bolts
 f - 178 arrows
 h - 26 sling bullets
 k - 294 stones {throwing}
 v - 32 poisoned darts {throwing}
 y - 6 javelins {throwing}
 J - 7 boomerangs {throwing}
 N - 2 throwing nets {=f!fthrowing}
 Y - 2 boomerangs of dispersal {=f!fthrowing}
Armour
 b - a +2 pair of boots (worn)
   (You found it on level 3 of the Dungeon)
 l - a +2 pair of gloves (worn)
   (You found it on level 1 of the Dungeon)
 o - a +2 helmet (worn)
   (You found it on level 5 of the Dungeon)
 H - a +2 robe of cold resistance (worn)
   (You took it off Blork the orc on level 6 of the Dungeon)
 W - a +0 troll leather armour
   (You found it on level 10 of the Dungeon)
Magical Staves
 u - a staff of earth {!astaff}
   (You found it on level 4 of the Dungeon)
Jewellery
 j - an amulet of regeneration (around neck) {@e2}
   (You found it on level 3 of the Dungeon)
 q - a ring of ice
   (You found it on level 4 of the Dungeon)
 r - a ring of fire
   (You found it on level 4 of the Dungeon)
 s - the ring "Atoig" (right hand) {AC+4 Int+3}
   (You found it on level 7 of the Dungeon)

   [ring of protection]

   AC:        It affects your AC (+4).
   Int:       It affects your intelligence (+3).
 D - a ring of poison resistance
   (You found it on level 5 of the Dungeon)
 T - a ring of see invisible
   (You found it in an ossuary)
 V - a ring of willpower (left hand)
   (You found it on level 9 of the Dungeon)
Wands
 B - a wand of polymorph (8)
   (You found it on level 5 of the Dungeon)
 G - a wand of paralysis (5)
   (You took it off an orc wizard on level 9 of the Dungeon)
 I - a wand of digging (6)
   (You took it off a centaur on level 6 of the Dungeon)
 X - a wand of iceblast (9)
   (You took it off a gnoll on level 10 of the Dungeon)
Scrolls
 p - 2 scrolls of teleportation {@r4}
 C - a scroll of immolation {!r!r}
 M - a scroll of holy word
 O - 2 scrolls of magic mapping {!r}
 P - 5 scrolls of fear
 Q - 3 scrolls of blinking {!r}
 U - a scroll of silence {!r}
Potions
 d - 4 potions of lignification {!q}
 e - a potion of flight {unknown}
 g - 3 potions of attraction {unknown}
 i - 2 potions of brilliance
 t - 4 potions of degeneration {!q@e2}
 x - 3 potions of cancellation
 A - a potion of berserk rage {!q}
 E - 4 potions of haste {unknown}
 F - 5 potions of curing {@q1}
 L - a potion of might {unknown}
 R - 2 potions of heal wounds {unknown}
 S - a potion of ambrosia {unknown}
Miscellaneous
 n - a piece from Xom's chessboard (15/15)
   (You found it on level 4 of the Dungeon)

Dungeon Overview and Level Annotations

Branches:
Dungeon (11/15)            Temple (1/1) D:5            Lair (0/6) D:10
Ossuary (visited)
    Orc: D:9-12

Altars:
Cheibriados
Dithmenos
Elyvilon
Fedhas
Gozag
Hepliaklqana
Kikubaaqudgha
Makhleb
Nemelex Xobeh
Qazlal
Ru
Sif Muna
Trog
Uskayaw
Vehumet
Wu Jian
Xom
Yredelemnul
Zin
The Shining One
Lugonu

Shops:
D:2 ?   D:5 (   D:7 *:*

Annotations:
D:3 1 runed translucent door, Crazy Yiuf
D:6 2 transporters, exclusion: downstairs, Laraso's ghost, novice VSAK

#.# #:# #
#.# # #.#
#.## #.#
..# #.#
.... #.#
.. #@#
#.# #.#
..#
#######.#
###
......*.#
.#####.C#
####..#
#....<#
#####.##
#.###.#


You could see a stone giant (ally target) and a friendly fulminant prism.


Message History

The killer bee buzzes angrily. (Press . to maintain the ray.)
You hear a horrible gurgling sound!
You hear a shout!
The killer bee barely misses you.
You riposte.
You hit the killer bee. 😎 MP[-1]
You lost 1 mp, and now have 25/27 mp.
The searing ray hits the killer bee!
You kill the killer bee! 😎 MP[-1]
You lost 1 mp, and now have 24/27 mp.
A brown ugly thing comes into view.
You swap places.
Something bites Hank!
Hank is splashed with acid. 😎 MP[+1] Hank hits the brown ugly thing but does no damage.
The brown ugly thing bites Hank.
Hank is splashed with acid!
The acid corrodes Hank!
Unknown command.
Hank hits the brown ugly thing but does no damage.
The brown ugly thing bites Hank.
Hank is splashed with acid.
Casting: Searing Ray (safe; 1% risk of failure)
Confirm with . or Enter, or press ? or * to list all spells.
Aiming: Fulminant Prism (dangerous; 1% risk of failure)
Press: ? - help, Dir - move target You conjure a prism of explosive energy!
A fulminant prism comes into view.
Hank hits the brown ugly thing!
The brown ugly thing bites Hank!
Hank is destroyed! 😎 MP[-3]
You lost 3 mp, and now have 22/27 mp.
Your fulminant prism crackles loudly.
The blast of energy engulfs the brown ugly thing!!!
Casting: Fulminant Prism (dangerous; 1% risk of failure)
Confirm with . or Enter, or press ? or * to list all spells.
Aiming: Fulminant Prism (dangerous; 1% risk of failure)
Press: ? - help, Dir - move target You conjure a prism of explosive energy!
A fulminant prism comes into view.
The brown ugly thing completely misses you. 😎 MP[-4]
You lost 4 mp, and now have 18/27 mp.
The brown ugly thing bites you but does no damage.
Your fulminant prism crackles loudly.
The brown ugly thing misses you.
The blast of energy engulfs the brown ugly thing!!
You kill the brown ugly thing!
Training target 10.0 for Dodging reached!
Your Dodging skill increases to level 10! 😎 MP[+1] Unknown command.
A stone giant comes into view.
There is a stone staircase leading up here.
You see here an ugly thing corpse.
Casting: Fulminant Prism (dangerous; 1% risk of failure)
Confirm with . or Enter, or press ? or * to list all spells.
Aiming: Fulminant Prism (dangerous; 1% risk of failure)
Press: ? - help, Dir - move target You conjure a prism of explosive energy!
A fulminant prism comes into view.
The stone giant hits your fulminant prism! 😎 MP[-4]
You lost 4 mp, and now have 15/27 mp.
The stone giant throws a large rock.
The large rock hits your fulminant prism!!
Casting: Fulminant Prism (dangerous; 1% risk of failure)
Confirm with . or Enter, or press ? or * to list all spells.
Aiming: Fulminant Prism (dangerous; 1% risk of failure)
Press: ? - help, Dir - move target You conjure a prism of explosive energy!
A fulminant prism comes into view.
The stone giant throws a large rock.
The large rock barely misses you. 😎 MP[-4]
You lost 4 mp, and now have 11/27 mp.
Your fulminant prism crackles loudly. 😎 MP[+1]
The blast of energy engulfs the stone giant!
Casting: Fulminant Prism (dangerous; 1% risk of failure)
Confirm with . or Enter, or press ? or * to list all spells.
Aiming: Fulminant Prism (dangerous; 1% risk of failure)
Press: ? - help, Dir - move target You conjure a prism of explosive energy!
A fulminant prism comes into view. 😎 MP[-4]
You lost 4 mp, and now have 8/27 mp.
Your fulminant prism crackles loudly.
The stone giant throws a large rock.
The large rock hits you!
The blast of energy engulfs the stone giant!! 😮 HP[-15]
You take 15 damage, and now have 40/55 hp.
MASSIVE DAMAGE!! (PAUSE)
Casting: Fulminant Prism (dangerous; 1% risk of failure)
Confirm with . or Enter, or press ? or * to list all spells.
Aiming: Fulminant Prism (dangerous; 1% risk of failure)
Press: ? - help, Dir - move target You conjure a prism of explosive energy!
A fulminant prism comes into view. 😮 HP[+1] MP[-3]
You lost 3 mp, and now have 5/27 mp.
The stone giant throws a large rock.
The large rock hits you!!!
Ouch! That really hurt!
You die...

Skill      XL: |  1  2  3  4  5  6  7  8  9 10 11 |
---------------+----------------------------------+-----
Spellcasting   | 4 5 6 7 8 9 10 | 10.0
Conjurations   | 5 6 7 9 10 | 10.0
Hexes          | 2 3 5 7 10 | 10.0
Dodging        | 5 9 10 | 10.0
Invocations    | 2 5 6 |  6.1
Stealth        | 4 7 |  7.9
Fighting       | 1 4 |  4.6

Action                   |  1- 3 |  4- 6 |  7- 9 | 10-12 || total
-------------------------+-------+-------+-------+-------++-------
Melee: Rapier            |       |       |     2 |       ||     2
       Falchion          |       |       |    28 |     1 ||    29
 Cast: Magic Dart        |    77 |    49 |    83 |    61 ||   270
       Searing Ray       |     1 |    15 |    61 |    16 ||    93
       Fulminant Prism   |       |       |    25 |    42 ||    67
       Iskenderun's Myst |       |       |     2 |       ||     2
Invok: Ancestor Identity |       |       |     1 |     1 ||     2
       Recall Ancestor   |       |       |       |     1 ||     1
  Use: Scroll            |       |     8 |    13 |     1 ||    22
       Potion            |       |     2 |       |       ||     2
Armor: Robe              |       |     4 |    45 |    19 ||    68
Dodge: Dodged            |     3 |     3 |    66 |    31 ||   103
       Rpst.: Falchion   |       |       |    15 |     8 ||    23

Levels and vault maps discovered:
D:1:      minmay_arrival_four_loops, layout_basic, basic_ecumenical_altar,
          chequers_serial_rivers_small_b
D:2:      layout_basic, serial_shops, shop
D:3:      layout_rooms, uniq_crazy_yiuf_cottage
D:4:      cheibrodos_thug_alley, layout_basic, kennysheep_mini_moat,
          minmay_checkerbox
D:5:      layout_basic, mainiacjoe_overflow_concentric_impassable,
          nicolae_hepliaklqana_monster_ancestors, lemuel_doored_altar,
          minmay_temple_entry_junction, serial_shops, kennysheep_little_box,
          minmay_misc_feat_diagonals
D:6:      layout_rooms, mainiacjoe_overflow_paths, gammafunk_ghost_arena,
          cheibrodos_sewer_entry_drain, uniq_blork_the_orc, uniq_edmund,
          uniq_maggie
D:7:      layout_loops_ring, lemuel_mausoleum_altar_kikubaaqudgha,
          mainiacjoe_overflow_six_doors_small, enter_ossuary_5, serial_shops,
          shop, nicolae_shop_crystal, shop_fountains
D:8:      layout_rooms, pdpol_wu_jian_five_deadly_venoms, uniq_grum
D:9:      layout_loops_ring, good_gods_temple_1, minmay_misc_feat_four_crosses
D:10:     minmay_chopped_fan, layout_loops_ring,
          mainiacjoe_overflow_divided_tiny, erik_lair_island,
          serial_bayou_lake_a
D:11:     layout_basic, orc_0_dummy, serial_shops, shop, nicolae_diamond_shop,
          nicolae_shop_crystal
Temple:   corrupted_temple

Notes
Turn   | Place    | Note
-------+----------+-------------------------------------------
     0 | D:1      | Sobieck the Deep Elf Conjurer began the quest for the Orb.
     0 | D:1      | Reached XP level 1. HP: 10/10 MP: 6/6
     0 | D:1      | magus.rc [v1.9.6]
   175 | D:1      | Reached XP level 2. HP: 15/15 MP: 3/8
   587 | D:1      | Found a faded altar of an unknown god.
   723 | D:1      | Reached skill level 4 in Spellcasting
   910 | D:1      | Learned a level 2 spell: Searing Ray
   937 | D:2      | Reached XP level 3. HP: 15/19 MP: 6/10
   938 | D:2      | Reached skill level 5 in Conjurations
  1039 | D:2      | Found Nihy's Magic Scroll Shoppe.
  1545 | D:2      | Reached XP level 4. HP: 24/24 MP: 9/12
  1831 | D:2      | Reached skill level 5 in Spellcasting
  2211 | D:2      | You pick up a book of Touch and begin reading...
  2211 | D:2      | You add the spells Static Discharge, Sticky Flame and
                  | Dispel Undead to your library.
  2767 | D:4      | Reached XP level 5. HP: 23/28 MP: 11/14
  2897 | D:4      | Found a bloodstained altar of Trog.
  2960 | D:3      | Found a runed translucent door.
  2961 | D:3      | Noticed Crazy Yiuf
  3301 | D:4      | You add the spells Gell's Gravitas, Teleport Other and
                  | Dispersal to your library.
  3307 | D:4      | Learned a level 4 spell: Iskenderun's Mystic Blast
  3312 | D:4      | Learned a level 4 spell: Fulminant Prism
  3358 | D:4      | Reached skill level 6 in Conjurations
  3394 | D:4      | Reached skill level 1 in Hexes
  3404 | D:4      | Reached skill level 6 in Spellcasting
  3483 | D:4      | Reached skill level 2 in Hexes
  3483 | D:4      | Reached XP level 6. HP: 32/32 MP: 13/17
  3755 | D:4      | Reached skill level 3 in Hexes
  4056 | D:4      | Reached skill level 7 in Spellcasting
  4056 | D:4      | Reached XP level 7. HP: 26/36 MP: 12/19
  4160 | D:4      | Reached skill level 4 in Hexes
  4317 | D:5      | Entered Level 5 of the Dungeon
  4325 | D:5      | Reached skill level 7 in Conjurations
  4551 | D:5      | Found a hide-covered altar of Uskayaw.
  4581 | D:5      | Found a staircase to the Ecumenical Temple.
  4594 | Temple   | Entered the Ecumenical Temple
  4708 | D:5      | Found Wuborat's Weapon Emporium.
  4744 | D:5      | Found a snail-covered altar of Cheibriados.
  4759 | D:5      | Reached skill level 5 in Hexes
  4923 | D:5      | Found a hazy altar of Hepliaklqana.
  5019 | D:5      | Became a worshipper of Hepliaklqana the Forgotten
  5142 | D:5      | Reached skill level 8 in Spellcasting
  5142 | D:5      | Reached XP level 8. HP: 41/41 MP: 18/22
  5413 | D:6      | Reached skill level 6 in Hexes
  5414 | D:6      | Reached skill level 8 in Conjurations
  5421 | D:6      | Noticed Blork the orc
  5421 | D:6      | Noticed Maggie
  5557 | D:6      | Killed Maggie
  5558 | D:6      | Reached skill level 9 in Spellcasting
  5671 | D:6      | Reached skill level 7 in Hexes
  5796 | D:6      | Found a transporter.
  5796 | D:6      | Noticed Laraso's ghost (novice VSAK)
  5874 | D:6      | Killed Blork the orc
  6035 | D:6      | Found a transporter.
  6111 | D:6      | Reached skill level 9 in Conjurations
  6111 | D:6      | Reached XP level 9. HP: 45/45 MP: 18/24
  6168 | D:6      | Noticed Edmund
  6190 | D:6      | Killed Edmund
  6191 | D:6      | Reached skill level 10 in Spellcasting
  6191 | D:6      | Reached skill level 8 in Hexes
  6408 | D:6      | Found a radiant altar of Vehumet.
  6593 | D:7      | Found Pihotid's General Store.
  7056 | D:7      | Found Zofiv's General Store.
  7061 | D:7      | Reached * piety under Hepliaklqana
  7064 | D:7      | Found Nerupad's Book Boutique.
  7076 | D:7      | Reached skill level 9 in Hexes
  7109 | D:7      | magus.rc [v1.9.6]
  7127 | D:7      | Found a sand-covered staircase.
  7131 | Ossuary  | Entered an ossuary
  7161 | Ossuary  | Reached skill level 10 in Conjurations
  7225 | Ossuary  | Reached skill level 10 in Hexes
  7326 | Ossuary  | Reached skill level 3 in Dodging
  7365 | Ossuary  | Reached skill level 1 in Invocations
  7399 | Ossuary  | Reached skill level 3 in Stealth
  7498 | Ossuary  | Reached skill level 1 in Fighting
  7653 | Ossuary  | Reached skill level 4 in Dodging
  7829 | D:7      | Reached skill level 2 in Invocations
  7861 | D:7      | Found a basalt altar of Yredelemnul.
  8086 | D:7      | Identified the ring "Atoig" {AC+4 Int+3}
  8189 | D:7      | Reached skill level 4 in Stealth
  8199 | D:7      | Found an ancient bone altar of Kikubaaqudgha.
  8342 | D:7      | Reached skill level 5 in Dodging
  8362 | D:7      | Reached XP level 10. HP: 47/47 MP: 16/26
  8547 | D:8      | Reached skill level 2 in Fighting
  8550 | D:8      | Reached skill level 3 in Invocations
  8767 | D:2      | Bought a scroll of blinking for 82 gold pieces
  8995 | D:8      | Reached skill level 6 in Dodging
  9212 | D:8      | Found an ornate altar of the Wu Jian Council.
  9263 | D:8      | Reached skill level 5 in Stealth
  9500 | D:8      | Reached skill level 7 in Dodging
  9521 | D:8      | Noticed Grum
  9527 | D:8      | Killed Grum
  9528 | D:8      | Reached skill level 3 in Fighting
  9528 | D:8      | Reached skill level 4 in Invocations
  9825 | D:9      | Reached skill level 6 in Stealth
  9881 | D:9      | Reached skill level 8 in Dodging
 10027 | D:9      | You pick up a book of Power and begin reading...
 10027 | D:9      | You add the spells Iskenderun's Battlesphere, Iron Shot and
                  | Spellforged Servitor to your library.
 10155 | D:9      | Reached skill level 5 in Invocations
 10568 | D:9      | Noticed a cyclops
 10584 | D:9      | HP: 8/50 [cyclops/large rock (28)]
 10587 | D:9      | Killed a cyclops
 10588 | D:9      | Reached skill level 4 in Fighting
 10588 | D:9      | Reached skill level 9 in Dodging
 10588 | D:9      | Reached skill level 7 in Stealth
 10784 | D:9      | Found a glowing golden altar of the Shining One.
 10784 | D:9      | Found a white marble altar of Elyvilon.
 10785 | D:9      | Found a glowing silver altar of Zin.
 10898 | D:10     | Entered Level 10 of the Dungeon
 10994 | D:10     | Noticed a two-headed ogre
 10997 | D:10     | Reached XP level 11. HP: 54/54 MP: 16/27
 11000 | D:10     | Killed a two-headed ogre
 11163 | D:10     | Found a staircase to the Lair.
 11175 | D:10     | Reached skill level 6 in Invocations
 11204 | D:10     | Noticed a stone giant
 11281 | D:10     | Noticed a brown ugly thing
 11294 | D:10     | Killed a brown ugly thing
 11295 | D:10     | Reached skill level 10 in Dodging
 11295 | D:10     | Noticed a stone giant
 11305 | D:10     | Hit by a large rock thrown by a stone giant

Vanquished Creatures
  A two-headed ogre (D:10)
  An ugly thing (D:10)
  A cyclops (D:9)
  Maggie (D:6)
  A troll (D:10)
  A hornet (D:8)
  Grum (D:8)
  4 yaks
  A steam dragon (D:9)
  Edmund (D:6)
  2 acid dragons
  An ice beast (D:5)
  4 orc warriors
  A sky beast (D:5)
  3 necrophages
  An ogre (D:4)
  4 wolves
  6 centaurs
  A phantom (D:6)
  A kobold brigand (D:4)
  Blork the orc (D:6)
  2 bullfrogs
  2 wyvern zombies
  A gnoll sergeant (D:7)
  A water moccasin zombie (Ossuary)
  3 scorpions
  A wyvern skeleton (D:6)
  6 killer bees
  12 wights
  3 electric eels (D:10)
  A howler monkey (D:8)
  3 bullfrog zombies (Ossuary)
  A human zombie (D:7)
  7 hounds
  3 gnoll shamans
  4 jellies
  A bullfrog skeleton (D:7)
  4 orc priests
  6 centaur zombies
  13 mummies
  5 iguanas
  4 orc wizards
  2 killer bee zombies
  A hound skeleton (D:5)
  5 howler monkey zombies
  21 gnolls
  A howler monkey skeleton (D:6)
  6 adders
  A shadow imp (D:7)
  2 worms
  3 dart slugs
  20 orcs
  8 endoplasms
  4 giant cockroaches
  5 goblins
  7 hobgoblins
  11 jackals
  3 quokkas (D:1)
  8 ball pythons
  4 bats
  3 frilled lizards (D:1)
  12 kobolds
  5 rats
  A spectral hobgoblin (D:5)
254 creatures vanquished.

Vanquished Creatures (collateral kills)
  2 yaks
  An ogre (D:7)
  2 wights (D:7)
  A bullfrog zombie (Ossuary)
  4 centaur zombies
  2 hounds (D:10)
  A killer bee zombie (Ossuary)
  3 mummies (Ossuary)
  A howler monkey zombie (Ossuary)
  3 orcs
20 creatures vanquished.

Vanquished Creatures (others)
  4 ancestors
  66 fulminant prisms
  24 plants (D:10)
  9 withered plants (Ossuary)
103 creatures vanquished.

Grand Total: 377 creatures vanquished

Table legend:
 A = Non-vault XP
 B = Vault XP
 C = Vault XP percentage of total XP
 D = Non-vault monster count
 E = Vault monster count
 F = Vault count percentage of total count
                 A         B        C        D         E       F
            +---------+---------+-------+---------+---------+-------
      Total |    8987 |    4271 |  32.2 |     201 |      73 |  26.6
            +---------+---------+-------+---------+---------+-------
        D:1 |      40 |       0 |   0.0 |      24 |       0 |   0.0
        D:2 |     136 |       0 |   0.0 |      31 |       0 |   0.0
        D:3 |      19 |       0 |   0.0 |      10 |       0 |   0.0
        D:4 |     501 |     153 |  23.4 |      18 |      12 |  40.0
        D:5 |     737 |       3 |   0.4 |      13 |       2 |  13.3
        D:6 |    1241 |     648 |  34.3 |      22 |       5 |  18.5
        D:7 |     537 |     560 |  51.0 |      16 |      12 |  42.9
        D:8 |    1772 |     440 |  19.9 |      27 |       3 |  10.0
        D:9 |    2563 |       0 |   0.0 |      28 |       0 |   0.0
       D:10 |    1441 |    1402 |  49.3 |      12 |      10 |  45.5
    Ossuary |       0 |    1065 | 100.0 |       0 |      29 | 100.0
            +---------+---------+-------+---------+---------+-------

Illustrated notes

Table legend:
 A = Kills in this place as a percentage of kills in entire the game.
 B = Kills by you in this place as a percentage of kills by you in the entire game.
 C = Kills by friends in this place as a percentage of kills by friends in the entire game.
 D = Other kills in this place as a percentage of other kills in the entire game.
 E = Experience gained in this place as a percentage of experience gained in the entire game.
 F = Experience gained in this place divided by the number of levels of this place that you have seen.
                   A       B       C       D       E      F
               +-------+-------+-------+-------+-------+----------------------
         Total | 100.0 | 100.0 | 100.0 |   N/A | 100.0 | 1019.8
       Dungeon |  89.4 |  92.1 |  55.0 |   N/A |  92.0 | 1108.5
       Ossuary |  10.6 |   7.9 |  45.0 |   N/A |   8.0 | 1065.0
               +-------+-------+-------+-------+-------+----------------------

Table legend: (Time is in decaauts)
 A = Elapsed time spent in this place.
 B = Non-inter-level travel time spent in this place.
 C = Inter-level travel time spent in this place.
 D = Time resting spent in this place.
 E = Time spent auto-exploring this place.
 F = Levels seen in this place.
 G = Mean time per level.
                   A        B        C        D        E       F      G
               +--------+--------+--------+--------+--------+-----+--------+
         Total |  11376 |  10573 |    803 |   2033 |   6662 |  13 |  875.1 |
       Dungeon |  10572 |   9782 |    790 |   1769 |   6430 |  11 |  961.1 |
        Temple |     71 |     58 |     13 |      0 |     57 |   1 |   71.0 |
       Ossuary |    733 |    733 |      0 |    264 |    174 |   1 |  733.0 |
               +--------+--------+--------+--------+--------+-----+--------+

Top non-repeatable levels by time:
     D:2: 1566 daAuts
     D:5: 1422 daAuts
     D:4: 1321 daAuts
     D:9: 1309 daAuts
     D:7: 1200 daAuts
     D:6: 1010 daAuts
     D:8: 942 daAuts
     D:1: 933 daAuts
 Ossuary: 733 daAuts
     D:3: 632 daAuts
    D:10: 230 daAuts
  Temple: 71 daAuts
    D:11: 1 daAuts
